 Dungeon Crawl Stone Soup version 0.25-a0-576-g50b708a4c4 (webtiles) character file.

Game seed: 9116748865378534847, levelgen mode: deterministic

6582 ReteAZ the Nimble (level 11, -17/83 (84) HPs)
             Began as a Gnoll Gladiator on Mar 1, 2020.
             Was an Elder of Okawaru.
             Demolished by a large slime creature (29 damage)
             ... on level 10 of the Dungeon.
             The game lasted 00:17:43 (9612 turns).

ReteAZ the Nimble (Gnoll Gladiator)                 Turns: 9612, Time: 00:17:44

HP:   -17/83 (84)   AC: 13    Str: 21    XL:     11   Next: 1%
MP:   19/19         EV: 18    Int: 12    God:    Okawaru [****..]
Gold: 797           SH:  0    Dex: 21    Spells: 21/21 levels left

rFire    . . .     SeeInvis .   R - +3 scimitar (flame)
rCold    . . .     Gourm    .   (no shield)
rNeg     . . .     Faith    .   O - +2 ring mail of the Grue {MR+ Str+4}
rPois    .         Spirit   .   c - +0 helmet
rElec    .         Reflect  .   E - +0 cloak
rCorr    .         Harm     .   K - +0 pair of gloves (curse)
MR       ++...                  G - +0 pair of boots
Stlth    +++.......             D - amulet of regeneration
HPRegen  0.63/turn              m - ring of protection from magic
MPRegen  0.16/turn              I - +3 ring of dexterity

@: no status effects
A: distributed training, fangs 1, strong nose
a: Heroism, Renounce Religion


You were on level 10 of the Dungeon.
You worshipped Okawaru.
Okawaru was greatly pleased with you.
You were not hungry.

You visited 2 branches of the dungeon, and saw 11 of its levels.

You collected 1217 gold pieces.
You spent 420 gold pieces at shops.

Inventory:

Hand Weapons
 a - a +0 long sword
 B - a +1 long sword of draining
 R - a +3 scimitar of flaming (weapon)
Missiles
 d - 3 throwing nets
 g - 4 silver javelins
 t - 12 boomerangs
 Z - 4 javelins (quivered)
Armour
 b - a +0 leather armour
 c - a +0 helmet (worn)
 u - a +0 animal skin
 E - a +0 cloak (worn)
 G - a +0 pair of boots (worn)
 K - a cursed +0 pair of gloves (worn)
 O - the +2 ring mail of the Grue (worn) {MR+ Str+4}
   (You bought it in a shop on level 7 of the Dungeon)

   It affects your strength (+4).
   It affects your resistance to hostile enchantments.
   If you remove this armour, your AC will decrease by 8 (13 -> 5).
 Y - a +3 leather armour of fire resistance
Jewellery
 m - a ring of protection from magic (left hand)
 D - an amulet of regeneration (around neck)
 F - a +4 ring of intelligence
 I - a +3 ring of dexterity (right hand)
Wands
 z - a wand of polymorph (6)
 A - a wand of flame (38)
 H - a wand of iceblast (11)
 P - a wand of random effects (13)
 U - a wand of paralysis (7)
 X - a wand of acid (10)
Scrolls
 k - 6 scrolls of identify
 l - 6 scrolls of remove curse {unknown}
 n - 4 scrolls of fear {unknown}
 o - 2 scrolls of random uselessness {unknown}
 q - 3 scrolls of amnesia {unknown}
 v - 6 scrolls of teleportation {unknown}
 x - 2 scrolls of immolation {unknown}
 y - 3 scrolls of enchant weapon {unknown}
 J - a scroll of fog {unknown}
 M - a scroll of magic mapping {unknown}
 N - 2 scrolls of blinking {unknown}
 T - a scroll of acquirement {unknown}
Potions
 e - a potion of invisibility {unknown}
 h - 4 potions of lignification {unknown}
 i - 4 potions of might {unknown}
 j - 2 potions of haste {unknown}
 p - 2 potions of heal wounds {unknown}
 r - 2 potions of berserk rage {unknown}
 s - a potion of magic {unknown}
 w - a potion of degeneration {unknown}
 C - 2 potions of curing {unknown}
 L - a potion of flight {unknown}
 S - a potion of brilliance {unknown}
 W - a potion of cancellation {unknown}
Miscellaneous
 V - a box of beasts
Comestibles
 f - 7 rations
 Q - 2 chunks of flesh


   Skills:
 + Level 7.4 Fighting
 + Level 5.7 Short Blades
 + Level 8.8 Long Blades
 + Level 5.7 Axes
 + Level 5.7 Maces & Flails
 + Level 5.7 Polearms
 + Level 5.7 Staves
 + Level 5.7 Slings
 + Level 5.7 Bows
 + Level 5.7 Crossbows
 + Level 7.4 Throwing
 + Level 5.7 Armour
 + Level 8.8 Dodging
 + Level 5.7 Stealth
 + Level 5.7 Shields
 + Level 5.7 Unarmed Combat
 + Level 5.7 Spellcasting
 + Level 4.7 Conjurations
 + Level 4.7 Hexes
 + Level 4.7 Charms
 + Level 4.7 Summonings
 + Level 4.7 Necromancy
 + Level 4.7 Translocations
 + Level 4.7 Transmutations
 + Level 4.7 Fire Magic
 + Level 4.7 Ice Magic
 + Level 4.7 Air Magic
 + Level 4.7 Earth Magic
 + Level 4.7 Poison Magic
 + Level 6.3 Invocations
 + Level 5.7 Evocations


You had 21 spell levels left.
You didn't know any spells.
Your spell library contained the following spells:

 Spells                   Type           Power        Failure   Level  Hunger
 Animate Skeleton         Necr           N/A          4%          1    None
 Apportation              Tloc           ##....       4%          1    None
 Corona                   Hex            ##.....      4%          1    None
 Magic Dart               Conj           ##..         4%          1    None
 Summon Small Mammal      Summ           ##..         4%          1    None
 Searing Ray              Conj           ##....       6%          2    ##.....
 Dazzling Flash           Conj/Hex       ##....       12%         3    ###....
 Fulminant Prism          Conj/Hex       ##........   38%         4    ####...
 Iskenderun's Mystic Bla  Conj/Tloc      ##......     38%         4    ####...
 Bolt of Magma            Conj/Fire/Erth ##........   75%         5    ######.
 Iskenderun's Battlesphe  Conj/Chrm      ##......     75%         5    ######.
 Iron Shot                Conj/Erth      ##........   99%         6    #######
 Orb of Destruction       Conj           ##........   100%        7    #######
 Spellforged Servitor     Conj/Summ      ##........   100%        7    #######


Dungeon Overview and Level Annotations

Branches:
Dungeon (10/15)            Temple (1/1) D:7            Lair (0/6) D:10
    Orc: D:9-12

Altars:
Ashenzari
Cheibriados
Dithmenos
Elyvilon
Gozag
Hepliaklqana
Kikubaaqudgha
Makhleb
Nemelex Xobeh
Okawaru
Qazlal
Ru
Sif Muna
Trog
Uskayaw
Vehumet
Wu Jian
Xom
Yredelemnul
Zin
The Shining One

Shops:
D:7 [

Annotations:
D:6 Grinder


Innate Abilities, Weirdness & Mutations

Your experience applies equally to all skills.
You have very sharp teeth.
Your uncanny sense of smell can sniff out nearby items.


Message History

The large slime creature is severely wounded.
The slime creature misses you. The large slime creature hits you.
The slime creature quivers.
You slice the large slime creature!! You burn the large slime creature!
Your bite misses the large slime creature.
The large slime creature is almost dead.
The slime creature barely misses you.
The large slime creature closely misses you.
You barely miss the large slime creature.
The large slime creature is almost dead.
The slime creature completely misses you.
The large slime creature hits you!!
* * * LOW HITPOINT WARNING * * *
You hear a shout!
You hit the large slime creature. You burn the large slime creature.
The large slime creature is almost dead.
The slime creature barely misses you.
A crimson imp comes into view.
The large slime creature hits you!!
You die...

#.....# #.....#
#######.....#
............#
#.........#
#....J....#
#..J......# ########.
#..#####..####........
#..# #...JJ@........
#J.# ######J........
J5....# #.........
..J...# #.........
#.....# #.........
#.....# #.........
#.....# #.........
#.....# #...5.....
#.....#


You could see a large slime creature, 2 slime creatures and a crimson imp.

Vanquished Creatures
  Erica (D:8)
  Joseph (D:9)
  A troll (D:9)
  A hornet (D:7)
  A slime creature (D:10)
  3 hippogriffs
  4 ice beasts
  2 porcupines
  4 orc warriors
  3 phantoms
  3 sky beasts (D:9)
  A black bear (D:9)
  3 ogres
  A centaur (D:8)
  2 necrophages
  2 big kobolds
  8 bullfrogs
  A wyvern zombie (D:9)
  A water moccasin zombie (D:8)
  A scorpion (D:8)
  4 killer bees (D:7)
  4 wights (D:9)
  2 electric eels (D:4)
  A howler monkey (D:8)
  2 centaur zombies
  6 crimson imps
  A bullfrog skeleton (D:9)
  9 hounds
  A quasit (D:9)
  4 jellies
  5 orc wizards
  A centaur skeleton (D:9)
  4 orc priests
  4 iguanas
  3 worker ants
  3 hound skeletons (D:4)
  A worker ant zombie (D:5)
  Robin (D:3)
  3 gnolls (D:4)
  2 howler monkey skeletons
  7 adders
  A shadow imp (D:6)
  2 oozes
  An adder zombie (D:9)
  An adder skeleton (D:6)
  3 worms
  2 dart slugs
  7 leopard geckos
  23 orcs
  11 bats
  5 giant cockroaches
  18 goblins
  7 hobgoblins
  4 jackals (D:2)
  17 kobolds
  4 quokkas
  3 frilled lizards
  A jackal zombie (D:5)
  A leopard gecko skeleton (D:5)
  5 rats
228 creatures vanquished.

Vanquished Creatures (others)
  11 fungi (D:10)
  2 plants (D:10)
13 creatures vanquished.

Grand Total: 241 creatures vanquished

Notes
Turn   | Place    | Note
-------+----------+-------------------------------------------
     0 | D:1      | ReteAZ the Gnoll Gladiator began the quest for the Orb.
     0 | D:1      | Reached XP level 1. HP: 20/20 MP: 1/1
   283 | D:1      | Reached XP level 2. HP: 26/26 MP: 2/2
   898 | D:2      | Reached XP level 3. HP: 31/31 MP: 3/3
   928 | D:2      | Found an ancient bone altar of Kikubaaqudgha.
   987 | D:2      | Reached skill level 1 in Invocations
  1012 | D:2      | Reached skill level 1 in Short Blades
  1012 | D:2      | Reached skill level 1 in Axes
  1012 | D:2      | Reached skill level 1 in Maces & Flails
  1012 | D:2      | Reached skill level 1 in Polearms
  1012 | D:2      | Reached skill level 1 in Staves
  1012 | D:2      | Reached skill level 1 in Slings
  1012 | D:2      | Reached skill level 1 in Bows
  1012 | D:2      | Reached skill level 1 in Crossbows
  1012 | D:2      | Reached skill level 1 in Armour
  1012 | D:2      | Reached skill level 1 in Stealth
  1012 | D:2      | Reached skill level 1 in Shields
  1012 | D:2      | Reached skill level 1 in Unarmed Combat
  1012 | D:2      | Reached skill level 1 in Spellcasting
  1012 | D:2      | Reached skill level 1 in Evocations
  1049 | D:2      | Reached XP level 4. HP: 38/38 MP: 5/5
  1583 | D:3      | Noticed Robin
  1721 | D:3      | Reached skill level 1 in Conjurations
  1721 | D:3      | Reached skill level 1 in Hexes
  1721 | D:3      | Reached skill level 1 in Charms
  1721 | D:3      | Reached skill level 1 in Summonings
  1721 | D:3      | Reached skill level 1 in Necromancy
  1721 | D:3      | Reached skill level 1 in Translocations
  1721 | D:3      | Reached skill level 1 in Transmutations
  1721 | D:3      | Reached skill level 1 in Fire Magic
  1721 | D:3      | Reached skill level 1 in Ice Magic
  1721 | D:3      | Reached skill level 1 in Air Magic
  1721 | D:3      | Reached skill level 1 in Earth Magic
  1721 | D:3      | Reached skill level 1 in Poison Magic
  1767 | D:3      | Killed Robin
  1951 | D:3      | Reached XP level 5. HP: 43/43 MP: 6/6
  2039 | D:3      | Found a stormy altar of Qazlal.
  2085 | D:3      | Found a shadowy altar of Dithmenos.
  2562 | D:3      | Found a glowing silver altar of Zin.
  2563 | D:3      | Noticed an angel
  2738 | D:4      | Found a transporter.
  2953 | D:4      | Reached XP level 6. HP: 28/50 MP: 8/8
  3198 | D:4      | Found a snail-covered altar of Cheibriados.
  3420 | D:4      | Reached skill level 5 in Fighting
  3420 | D:4      | Reached skill level 5 in Throwing
  3833 | D:4      | Found a transporter.
  4253 | D:5      | Entered Level 5 of the Dungeon
  4332 | D:5      | Reached XP level 7. HP: 56/56 MP: 10/10
  4851 | D:5      | Found a bloodstained altar of Trog.
  5118 | D:5      | Found an opulent altar of Gozag.
  5576 | D:6      | Reached XP level 8. HP: 59/63 MP: 12/12
  5698 | D:6      | Noticed Grinder
  5970 | D:7      | Noticed a hippogriff
  5986 | D:7      | Killed a hippogriff
  6366 | D:7      | Found a sparkling altar of Nemelex Xobeh.
  6444 | D:7      | Found a staircase to the Ecumenical Temple.
  6527 | Temple   | Entered the Ecumenical Temple
  6571 | Temple   | Became a worshipper of Warmaster Okawaru
  6792 | D:7      | Reached XP level 9. HP: 42/68 MP: 14/14
  7004 | D:7      | Found Wenlet's Armour Boutique.
  7008 | D:7      | Bought the +2 ring mail of the Grue {MR+ Str+4} for 420
                  | gold pieces
  7391 | D:8      | Noticed a hornet
  7409 | D:7      | Killed a hornet
  7552 | D:8      | Found a hide-covered altar of Uskayaw.
  7633 | D:8      | Reached * piety under Okawaru
  7749 | D:8      | Noticed Erica
  7762 | D:8      | Killed Erica
  7769 | D:8      | Reached ** piety under Okawaru
  7977 | D:8      | Reached skill level 5 in Invocations
  8141 | D:8      | Reached XP level 10. HP: 75/76 MP: 17/17
  8684 | D:9      | Reached *** piety under Okawaru
  8684 | D:9      | Reached skill level 5 in Short Blades
  8684 | D:9      | Reached skill level 5 in Axes
  8684 | D:9      | Reached skill level 5 in Maces & Flails
  8684 | D:9      | Reached skill level 5 in Polearms
  8684 | D:9      | Reached skill level 5 in Staves
  8684 | D:9      | Reached skill level 5 in Slings
  8684 | D:9      | Reached skill level 5 in Bows
  8684 | D:9      | Reached skill level 5 in Crossbows
  8684 | D:9      | Reached skill level 5 in Armour
  8684 | D:9      | Reached skill level 5 in Stealth
  8684 | D:9      | Reached skill level 5 in Shields
  8684 | D:9      | Reached skill level 5 in Unarmed Combat
  8684 | D:9      | Reached skill level 5 in Spellcasting
  8684 | D:9      | Reached skill level 5 in Evocations
  8937 | D:9      | Noticed Joseph
  8950 | D:9      | Killed Joseph
  8950 | D:9      | Received a gift from Okawaru
  9139 | D:9      | Found a hazy altar of Hepliaklqana.
  9140 | D:9      | Found a white marble altar of Elyvilon.
  9140 | D:9      | Found a shadowy altar of Dithmenos.
  9141 | D:9      | Found a bloodstained altar of Trog.
  9261 | D:9      | Reached **** piety under Okawaru
  9356 | D:9      | Found a burning altar of Makhleb.
  9356 | D:9      | Found a glowing golden altar of the Shining One.
  9377 | D:10     | Entered Level 10 of the Dungeon
  9378 | D:10     | Found a staircase to the Lair.
  9383 | D:10     | Noticed a two-headed ogre
  9582 | D:10     | Reached XP level 11. HP: 82/83 MP: 19/19
  9612 | D:10     | Demolished by a large slime creature

Levels and vault maps discovered:
D:1:      matt_arrival_grand_opening, layout_basic, glass_columns_a,
          minmay_hedge_maze
D:2:      layout_rooms, lemuel_round_altar
D:3:      layout_basic, grunt_qazlal_clouds, zin_angel, first_ration,
          nicolae_dithmenos_shadow_blocks, uniq_robin
D:4:      gammafunk_steamed_eel, layout_basic, kennysheep_slug_shrine
D:5:      layout_basic, basic_altar, minmay_misc_feat_more_columns,
          palyth_stone_intersect, serial_park_tiny_pond, trog_book
D:6:      layout_cave_pools, fedhas_altar_4, uniq_grinder, uniq_edmund
D:7:      layout_layer_cave, nemelex_xobeh_ov_fountains_minmay,
          minmay_temple_entry_water_ring, serial_shops, shop
D:8:      minmay_polygon_palace, layout_basic, eat_drink_and_be_merry_uskayaw,
          uniq_erica
D:9:      layout_irregular_city, chequers_temple_overflow_statue_of_worship,
          amethyst_overflow_temple_binary, uniq_joseph
D:10:     layout_irregular_city, due_lair_maze_entry_diamond, orc_0_dummy
Temple:   kb_temple_of_zot

Skill      XL: |  1  2  3  4  5  6  7  8  9 10 |
---------------+-------------------------------+-----
Invocations    | 1 2 3 4 5 6 |  6.3
Short Blades   | 1 2 3 4 5 |  5.7
Axes           | 1 2 3 4 5 |  5.7
Maces & Flails | 1 2 3 4 5 |  5.7
Polearms       | 1 2 3 4 5 |  5.7
Staves         | 1 2 3 4 5 |  5.7
Slings         | 1 2 3 4 5 |  5.7
Bows           | 1 2 3 4 5 |  5.7
Crossbows      | 1 2 3 4 5 |  5.7
Armour         | 1 2 3 4 5 |  5.7
Stealth        | 1 2 3 4 5 |  5.7
Shields        | 1 2 3 4 5 |  5.7
Unarmed Combat | 1 2 3 4 5 |  5.7
Spellcasting   | 1 2 3 4 5 |  5.7
Evocations     | 1 2 3 4 5 |  5.7
Conjurations   | 1 2 3 4 |  4.7
Hexes          | 1 2 3 4 |  4.7
Charms         | 1 2 3 4 |  4.7
Summonings     | 1 2 3 4 |  4.7
Necromancy     | 1 2 3 4 |  4.7
Translocations | 1 2 3 4 |  4.7
Transmutations | 1 2 3 4 |  4.7
Fire Magic     | 1 2 3 4 |  4.7
Ice Magic      | 1 2 3 4 |  4.7
Air Magic      | 1 2 3 4 |  4.7
Earth Magic    | 1 2 3 4 |  4.7
Poison Magic   | 1 2 3 4 |  4.7
Fighting       | 5 6 7 |  7.4
Throwing       | 5 6 7 |  7.4
Long Blades    | 7 8 |  8.8
Dodging        | 7 8 |  8.8

Action                   |  1- 3 |  4- 6 |  7- 9 | 10-12 || total
-------------------------+-------+-------+-------+-------++-------
Melee: Long sword        |    62 |   146 |   192 |       ||   400
       Bite              |    15 |    31 |    42 |    38 ||   126
       Punch             |       |     3 |     8 |    12 ||    23
       Scimitar          |       |       |    44 |   189 ||   233
Throw: Boomerang         |       |       |    15 |    11 ||    26
       Javelin           |       |       |       |     1 ||     1
Evoke: Wand              |       |     4 |       |       ||     4
  Use: Scroll            |       |       |     1 |       ||     1
 Stab: Sleeping          |     4 |     2 |     3 |     2 ||    11
       Distracted        |       |       |     1 |       ||     1
  Eat: Chunk             |       |    10 |    10 |     5 ||    25
       Ration            |       |       |     1 |       ||     1
Armor: Leather armour    |    11 |    21 |    25 |       ||    57
       Ring mail         |       |       |    38 |    53 ||    91
Dodge: Dodged            |    49 |   118 |   217 |   157 ||   541
       Rpst.: Long sword |    20 |    35 |    58 |       ||   113
       Scimitar          |       |       |     7 |    44 ||    51

Table legend:
 A = Non-vault XP
 B = Vault XP
 C = Vault XP percentage of total XP
 D = Non-vault monster count
 E = Vault monster count
 F = Vault count percentage of total count
                 A         B        C        D         E       F
            +---------+---------+-------+---------+---------+-------
      Total |    6756 |    2648 |  28.2 |     188 |      40 |  17.5
            +---------+---------+-------+---------+---------+-------
        D:1 |      30 |       0 |   0.0 |      20 |       0 |   0.0
        D:2 |      64 |       0 |   0.0 |      23 |       0 |   0.0
        D:3 |      59 |      38 |  39.2 |      17 |      13 |  43.3
        D:4 |     291 |     116 |  28.5 |      16 |       3 |  15.8
        D:5 |     481 |       0 |   0.0 |      16 |       0 |   0.0
        D:6 |     337 |       0 |   0.0 |      13 |       0 |   0.0
        D:7 |    1485 |       0 |   0.0 |      18 |       0 |   0.0
        D:8 |    1090 |    1541 |  58.6 |      19 |      18 |  48.6
        D:9 |    2554 |     685 |  21.1 |      36 |       3 |   7.7
       D:10 |     365 |     268 |  42.3 |      10 |       3 |  23.1
            +---------+---------+-------+---------+---------+-------
